 Dungeon Crawl Stone Soup version 0.31.0-11-ge490571c62 (webtiles) character file.

Game seed: 1564198467832045597

44 qw the Shooter (level 3, -4/20 HPs)
             Began as a Deep Elf Hunter on Feb 3, 2024.
             Slain by a ribbon worm (6 damage)
             ... on level 2 of the Dungeon.
             The game lasted 00:00:31 (1123 turns).

qw the Shooter (Deep Elf Hunter)                    Turns: 1123, Time: 00:00:31

Health: -4/20      AC:  3    Str: 10    XL:     3   Next: 41%
Magic:  5/5        EV: 12    Int: 13    God:
Gold:   108        SH:  0    Dex: 18    Spells: 2/2 levels left

rFire   + . .        a - +0 shortbow
rCold   + . .        (shield currently unavailable)
rNeg    . . .        c - +0 leather armour
rPois   .            (no helmet)
rElec   .            d - scarf "Itill" {repulsion, rF+ rC+ SInv}
rCorr   .            (no gloves)
SInv    +            (no boots)
Will    .....        (no amulet)
Stlth   ++           (no ring)
HPRegen 0.23/turn    (no ring)
MPRegen 0.09/turn

%: repel missiles
@: no status effects
A: no striking features
a: no special abilities


You were on level 2 of the Dungeon.
You visited 1 branch of the dungeon, and saw 2 of its levels.

You collected 108 gold pieces.


   Skills:
 - Level 1.5 Fighting
 + Level 7.0 Ranged Weapons
 - Level 2.4 Dodging
 - Level 1.2 Stealth


You had 2 spell levels left.
You didn't know any spells.
Your spell library was empty.

Inventory:

Hand Weapons
 a - a +0 shortbow (weapon)
Armour
 c - a +0 leather armour (worn)
 d - the scarf "Itill" (worn) {repulsion, rF+ rC+ SInv}
   (You acquired it on level 1 of the Dungeon)

   rF+:       It protects you from fire.
   rC+:       It protects you from cold.
   SInv:      It lets you see invisible.
Potions
 b - a potion of might {unknown}
 e - a potion of enlightenment {unknown}
 f - a potion of attraction {unknown}
 g - a potion of curing {unknown}
 h - a potion of invisibility {unknown}
 i - a potion of brilliance {unknown}

Dungeon Overview and Level Annotations

Branches:
Dungeon (2/15)

Altars:
Yredelemnul


Message History

The ribbon worm is severely wounded.
The ribbon worm bites you but does no damage.
You shoot an arrow.
The arrow barely misses the ribbon worm.
The ribbon worm bites you!
You shoot an arrow.
The arrow barely misses the ribbon worm.
The ribbon worm expels a string of sticky webbing.
The stream of webbing is repelled.
You shoot an arrow. The arrow hits the ribbon worm.
The ribbon worm is almost dead.
The ribbon worm bites you.
You shoot an arrow. The arrow hits the ribbon worm.
The ribbon worm is almost dead.
The ribbon worm closely misses you.
You shoot an arrow.
The arrow barely misses the ribbon worm.
The ribbon worm closely misses you.
You shoot an arrow.
The arrow barely misses the ribbon worm.
The ribbon worm closely misses you.
You shoot an arrow.
The arrow hits the ribbon worm but does no damage.
The ribbon worm is severely wounded.
The ribbon worm bites you.
You shoot an arrow.
The arrow hits the ribbon worm but does no damage.
The ribbon worm is severely wounded.
You shoot an arrow.
The arrow hits the ribbon worm but does no damage.
The ribbon worm is severely wounded.
The ribbon worm bites you.
You shoot an arrow.
The arrow barely misses the ribbon worm.
The ribbon worm expels a string of sticky webbing.
The stream of webbing hits you but does no damage.
You are caught in a web!
The web tears apart.
The ribbon worm bites you.
You die...

## .#### #### ....# ###### .....
....#######....###......#########
....'.....'....'@w...............
....#######....###...... .##.....
....# #....# ..... #...## ....#
#....# .... #..... ##'## #....#
##. #...## ##.# #....# .#.##..%##
##[# .....# .......... ##.#
....### #........## ....
##.#.###....


You could see a ribbon worm (catching breath).

Vanquished Creatures
  2 adders (D:2)
  A dart slug (D:2)
  A bat (D:1)
  4 endoplasms (D:1)
  A giant cockroach (D:1)
  A quokka (D:1)
  4 ball pythons
  4 frilled lizards
  2 goblins (D:1)
  3 kobolds (D:1)
  4 rats (D:1)
27 creatures vanquished.

Notes
Turn   | Place    | Note
-------+----------+-------------------------------------------
     0 | D:1      | qw the Deep Elf Hunter began the quest for the Orb.
     0 | D:1      | Reached XP level 1. HP: 12/12 MP: 3/3
     0 | D:1      | 0 ||| qw: Version: 0.3-a-155-g5e7d8dd
     0 | D:1      | 0 ||| qw: Game counter: 3331
     0 | D:1      | 0 ||| qw: Melee chars always use a shield: true
     0 | D:1      | 0 ||| qw: God list: Okawaru
     0 | D:1      | 0 ||| qw: Allow faded altars: false
     0 | D:1      | 0 ||| qw: Do Orc after clearing Dungeon:15 true
     0 | D:1      | 0 ||| qw: Do second Lair branch before Depths: true
     0 | D:1      | 0 ||| qw: Lair rune preference: random
     0 | D:1      | 0 ||| qw: Goals: Normal
     0 | D:1      | 0 ||| PLANNING D:1-11
   155 | D:1      | Reached XP level 2. HP: 16/16 MP: 4/4
   289 | D:1      | Reached skill level 6 in Ranged Weapons
   591 | D:1      | 591 ||| READING scroll labelled PUARGH ATI DAOTSA.
   592 | D:1      | 592 ||| READING scroll labelled KAAKOG DASOI.
   693 | D:1      | 693 ||| READING scroll labelled RASMUOSCHODGH.
   694 | D:1      | 694 ||| READING scroll labelled LEUPOX SICLI.
   695 | D:1      | 695 ||| READING scroll labelled WUEROI OHIXOLO.
   695 | D:1      | Identified a scroll of acquirement
   695 | D:1      | 695 ||| ACQUIRING scarf "Itill" {repulsion, rF+ rC+ SInv}
   695 | D:1      | Acquired the scarf "Itill" {repulsion, rF+ rC+ SInv}
   697 | D:1      | 697 ||| UPGRADING to scarf "Itill" {repulsion, rF+ rC+
                  | SInv}.
   702 | D:1      | 702 ||| DROPPING scroll of butterflies.
   934 | D:2      | Reached XP level 3. HP: 20/20 MP: 5/5
  1012 | D:2      | Found a basalt altar of Yredelemnul.
  1023 | D:2      | Reached skill level 7 in Ranged Weapons
  1121 | D:2      | HP: 1/20 [ribbon worm (5)]
  1123 | D:2      | Slain by a ribbon worm

Levels and vault maps discovered:
D:1:      psy_arrival_radial02, layout_basic
D:2:      layout_basic, serial_forest, infiniplex_forest_end_2,
          infiniplex_forest_end_3, infiniplex_forest_straight_2,
          infiniplex_forest_clump_double, infiniplex_forest_corner_2,
          infiniplex_forest_clump_double, basic_altar

Skill      XL: |  1  2  3 |
---------------+----------+-----
Ranged Weapons | 6 7 |  7.0
Fighting       | |  1.5
Dodging        | |  2.4
Stealth        | |  1.2

Action                     || total
---------------------------++-------
   Fire: Shortbow          ||    63
    Use: Scroll            ||     5
 Armour: Leather armour    ||    12
  Dodge: Dodged            ||     6
         Repelled          ||     1

Table legend:
 A = Non-vault XP
 B = Vault XP
 C = Vault XP percentage of total XP
 D = Non-vault monster count
 E = Vault monster count
 F = Vault count percentage of total count
                 A         B        C        D         E       F
            +---------+---------+-------+---------+---------+-------
      Total |      64 |       0 |   0.0 |      27 |       0 |   0.0
            +---------+---------+-------+---------+---------+-------
        D:1 |      28 |       0 |   0.0 |      20 |       0 |   0.0
        D:2 |      36 |       0 |   0.0 |       7 |       0 |   0.0
            +---------+---------+-------+---------+---------+-------
